 Dungeon Crawl Stone Soup version 0.29.1-15-g9cfb28693d (webtiles) character file.

Game seed: 13900278909967515987

4937 Heoruswealwe the Thaumaturge (level 10, -4/50 HPs)
             Began as a Deep Elf Earth Elementalist on Apr 12, 2023.
             Was a Follower of Vehumet.
             Slain by a death yak (21 damage)
             ... on level 9 of the Dungeon.
             The game lasted 01:19:35 (6352 turns).

Heoruswealwe the Thaumaturge (DEEE)                 Turns: 6352, Time: 01:19:36

Health: -4/50      AC:  6    Str:  9    XL:     10   Next: 28%
Magic:  19/30      EV: 12    Int: 35    God:    Vehumet [*.....]
Gold:   384        SH:  6    Dex: 17    Spells: 22/37 levels left

rFire   . . .      SeeInvis .   a - staff of earth
rCold   + . .      Faith    .   d - +2 buckler
rNeg    . . .      Spirit   .   c - +0 robe "Ocitocag" {Will+ Int+4 Dex+4 Stlth+}
rPois   .          Reflect  .   g - +0 helmet
rElec   .          Harm     .   h - scarf {repulsion}
rCorr   .          Rampage  .   f - +2 pair of gloves
Will    ++...                   (no boots)
Stlth   +++.......              i - amulet of regeneration
HPRegen 0.96/turn               k - ring of wizardry
MPRegen 0.22/turn               j - ring of Pexeal {Wiz rC+ Str+4 Int+6 Dex-2}

@: studying Ranged Weapons, repel missiles
A: no striking features
a: Renounce Religion


You were on level 9 of the Dungeon.
You worshipped Vehumet.
Vehumet was aware of your devotion.
You visited 2 branches of the dungeon, and saw 10 of its levels.

You collected 566 gold pieces.
You spent 182 gold pieces at shops.

Inventory:

Hand Weapons
 b - the +6 trident "Leviticus" {venom, Int+3 Stlth+}
   (You took it off a gnoll sergeant on level 7 of the Dungeon)

   It poisons the flesh of those it strikes.
   Int:       It affects your intelligence (+3).
   Stlth:     It makes you more stealthy.
Armour
 c - the +0 robe "Ocitocag" (worn) {Will+ Int+4 Dex+4 Stlth+}
   (You bought it in a shop on level 2 of the Dungeon)

   Int:       It affects your intelligence (+4).
   Dex:       It affects your dexterity (+4).
   Will:      It increases your willpower.
   Stlth:     It makes you more stealthy.
 d - a +2 buckler (worn)
 f - a +2 pair of gloves (worn)
 g - a +0 helmet (worn)
 h - a scarf of repulsion (worn)
Magical Staves
 a - a staff of earth (weapon)
 l - a staff of conjuration
 m - a staff of death
 n - a staff of fire
 r - a staff of poison
Jewellery
 i - an amulet of regeneration (around neck)
 j - the ring of Pexeal (right hand) {Wiz rC+ Str+4 Int+6 Dex-2}
   (You took it off a gnoll bouda on level 7 of the Dungeon)

   [ring of wizardry]

   It improves your spell success rate.
   Str:       It affects your strength (+4).
   Int:       It affects your intelligence (+6).
   Dex:       It affects your dexterity (-2).
   rC:        It protects you from cold.
 k - a ring of wizardry (left hand)
 M - a ring of positive energy
Wands
 s - a wand of quicksilver (9)
 w - a wand of digging (3)
 B - a wand of paralysis (12)
 J - a wand of roots (1)
 L - a wand of flame (5)
Scrolls
 e - a scroll of enchant weapon
 p - 2 scrolls of teleportation
 t - a scroll of immolation {unknown}
 v - a scroll of magic mapping {unknown}
 y - a scroll of fear
 D - 2 scrolls of fog {unknown}
 E - 3 scrolls of enchant armour
 K - a scroll of amnesia {unknown}
Potions
 o - 2 potions of attraction {unknown}
 q - 2 potions of mutation {unknown}
 u - a potion of lignification {unknown}
 x - 3 potions of might {unknown}
 z - 2 potions of magic
 A - a potion of resistance {unknown}
 C - a potion of haste {unknown}
 F - a potion of berserk rage {unknown}
 G - a potion of brilliance {unknown}
 H - a potion of degeneration {unknown}
 I - 3 potions of curing


   Skills:
 - Level 2.4 Dodging
 - Level 2.4 Stealth
 + Level 14.1 Spellcasting
 - Level 1.1 Transmutations
 + Level 12.1 Earth Magic


You had 22 spell levels left.
You knew the following spells:

 Your Spells              Type           Power      Damage    Failure   Level
a - Sandblast             Erth           100%       2d20      0%          1
b - Stone Arrow           Conj/Erth      100%       3d13      1%          3
c - Petrify               Tmut/Erth      82%        N/A       1%          4
d - Borgnjor's Vile Clut  Necr/Erth      39%        N/A       1%          5
z - Passwall              Tmut/Erth      68%        N/A       1%          2

Your spell library contained the following spells:

 Spells                   Type           Power      Damage    Failure   Level
 Freeze                   Ice            96%        1d11      1%          1
 Magic Dart               Conj           96%        1d7       1%          1
 Necrotise                Necr           96%        1d8       1%          1
 Call Imp                 Summ           24%        N/A       1%          2
 Static Discharge         Conj/Air       24%        3-6/arc   1%          2
 Mephitic Cloud           Conj/Pois/Air  24%        N/A       1%          3
 Vampiric Draining        Necr           24%        2d7       1%          3
 Animate Dead             Necr           24%        N/A       6%          4
 Corpse Rot               Necr/Pois/Air  24%        N/A       6%          4
 Dispel Undead            Necr           24%        3d12      6%          4
 Agony                    Necr           24%        N/A       16%         5
 Freezing Cloud           Conj/Ice/Air   12%        6-21      16%         5
 Death Channel            Necr           12%        N/A       61%         6


Dungeon Overview and Level Annotations

Branches:
Dungeon (9/15)             Temple (1/1) D:4            Lair (0/5) D:9
    Orc: D:9-12

Altars:
Ashenzari
Cheibriados
Dithmenos
Elyvilon
Fedhas
Gozag
Hepliaklqana
Kikubaaqudgha
Makhleb
Nemelex Xobeh
Okawaru
Qazlal
Ru
Sif Muna
Trog
Uskayaw
Vehumet
Wu Jian
Xom
Yredelemnul
Zin
The Shining One

Shops:
D:1 !:[=   D:2 [

Annotations:
D:9 2 transporters, EarthwalkerPL's ghost, novice MiFi


Message History

The howler monkey hoots and howls with incredible vigour!
You feel a surge of power!
The blast of sand hits the howler monkey!!
You kill the howler monkey!
Vehumet accepts your kill.
You see here a howler monkey corpse.
There is a stone staircase leading down here.
The death yak bellows!
You hear a bellow! x2
You can't see any susceptible monsters within range! (Use Z to cast anyway.) EarthwalkerPL's ghost turns its malevolent gaze towards you.
You hear an angry buzzing noise.
You hear a bellow!
Casting: Sandblast (safe; 0% risk of failure)
Confirm with . or Enter, or press ? or * to list all spells.
Aiming: Petrify (safe; 1% risk of failure)
Press: ? - help, Shift-Dir - straight line, f - death yak
Aim: a death yak (chance to affect: 19%)
You feel a surge of power!
The death yak resists with almost no effort.
Casting: Petrify (safe; 1% risk of failure)
Confirm with . or Enter, or press ? or * to list all spells.
Aiming: Petrify (safe; 1% risk of failure)
Press: ? - help, Shift-Dir - straight line, f/p - death yak
Aim: a death yak (chance to affect: 19%)
You feel a surge of power!
The death yak resists with almost no effort.
You feel a surge of power!
The blast of sand hits the death yak.
The death yak is lightly wounded.
You feel a surge of power!
The blast of sand hits the death yak.
The death yak is lightly wounded.
You feel a surge of power!
The blast of sand hits the death yak!
The death yak is moderately wounded.
The death yak gores you!! You block the death yak's attack.
You feel a surge of power!
The blast of sand hits the death yak but does no damage.
The death yak is moderately wounded.
The death yak closely misses you.
You feel a surge of power!
The blast of sand hits the death yak!
The death yak is heavily wounded.
The death yak gores you! The death yak gores you!!
You die...

#########
###.......###
#...#####...##
#.###W©.###..#
#.#S......##.#
##.#...#.#W.#.#
#..#.).#.#..#.#
#.##.#.....##.#
#@#.#...#.W#..###
#Y# #©.[)#©...#
##.## ...#?#..#.#
#..©# #...#$##.#.##
#..##.D##.#y #.#.##
#..#y..#..y#.#.#...
#..##W...#.y##(....
#...##...y. #......
#.#..##### ##...(..


You could see a death yak.

Vanquished Creatures
  2 two-headed ogres (D:8)
  The ghost of Acheron the Chopper, a novice DsGl of Nemelex Xobeh (D:7)
  Grinder (D:5)
  A wyvern (D:8)
  2 steam dragons (D:8)
  An acid dragon (D:9)
  A water moccasin (D:3)
  2 black bears
  An ogre (D:7)
  2 phantoms
  4 centaurs
  2 gnoll sergeants (D:7)
  A necrophage (D:5)
  2 bullfrogs
  A scorpion (D:5)
  3 wights (D:7)
  10 killer bees (D:9)
  2 howler monkeys
  A jelly (D:4)
  A gnoll bouda (D:7)
  3 orc priests
  4 hounds
  4 iguanas
  5 orc wizards
  8 gnolls
  6 adders
  A river rat (D:9)
  A shadow imp (D:6)
  A white imp (D:6)
  3 ufetubi
  4 worms
  2 dart slugs
  20 orcs
  11 endoplasms
  4 giant cockroaches
  5 goblins
  8 hobgoblins
  8 kobolds
  5 quokkas
  2 ball pythons
  6 bats
  5 rats
157 creatures vanquished.

Vanquished Creatures (collateral kills)
  A gnoll (D:7)
1 creature vanquished.

Vanquished Creatures (others)
  14 plants
14 creatures vanquished.

Grand Total: 172 creatures vanquished

Notes
Turn   | Place    | Note
-------+----------+-------------------------------------------
     0 | D:1      | Heoruswealwe the Deep Elf Earth Elementalist began the
                  | quest for the Orb.
     0 | D:1      | Reached XP level 1. HP: 10/10 MP: 6/6
    87 | D:1      | Found a faded altar of an unknown god.
    88 | D:1      | Found Hidues's Book Emporium.
    95 | D:1      | Prayed at the altar of an unknown god.
    95 | D:1      | Became a worshipper of Elyvilon the Healer
    95 | D:1      | Reached * piety under Elyvilon
    96 | D:1      | Fell from the grace of Elyvilon
   190 | D:1      | Found Goud's Distillery.
   476 | D:1      | Reached XP level 2. HP: 15/15 MP: 5/8
   479 | D:1      | Learned a level 2 spell: Passwall
   479 | D:1      | Found Sirhat Haet's Armour Shoppe.
   591 | D:1      | Found Plog's Jewellery Boutique.
   900 | D:2      | Reached skill level 4 in Spellcasting
   929 | D:2      | Reached XP level 3. HP: 17/19 MP: 0/10
  1215 | D:2      | Reached XP level 4. HP: 15/24 MP: 5/12
  1219 | D:2      | Learned a level 3 spell: Stone Arrow
  1224 | D:2      | Learned a level 4 spell: Petrify
  1291 | D:2      | Found Fuudaen's Antique Armour Emporium.
  1479 | D:2      | Reached skill level 5 in Spellcasting
  1920 | D:3      | Noticed a water moccasin
  1927 | D:3      | Killed a water moccasin
  1928 | D:3      | Reached skill level 6 in Spellcasting
  1928 | D:3      | Reached skill level 5 in Earth Magic
  1928 | D:3      | Reached XP level 5. HP: 23/28 MP: 10/15
  2232 | D:2      | Bought a creamy pearl robe for 182 gold pieces
  2232 | D:2      | Identified the +0 robe "Ocitocag" {Will+ Int+4 Dex+4
                  | Stlth+} (You bought it in a shop on level 2 of the Dungeon)
  2282 | D:4      | Found a stormy altar of Qazlal.
  2286 | D:4      | Found an opulent altar of Gozag.
  2558 | D:4      | Found a staircase to the Ecumenical Temple.
  2559 | D:4      | Noticed a black bear
  2562 | D:4      | Killed a black bear
  2563 | D:4      | Reached XP level 6. HP: 32/32 MP: 12/17
  2598 | Temple   | Entered the Ecumenical Temple
  2740 | D:4      | Reached skill level 7 in Spellcasting
  2765 | D:4      | Reached XP level 7. HP: 36/36 MP: 7/20
  2874 | D:4      | Reached skill level 8 in Spellcasting
  2949 | D:5      | Entered Level 5 of the Dungeon
  3047 | D:5      | Identified a scroll of acquirement
  3048 | D:5      | Acquired a staff of earth
  3103 | D:5      | Learned a level 5 spell: Borgnjor's Vile Clutch
  3216 | D:5      | Noticed Grinder
  3219 | D:5      | Reached skill level 9 in Spellcasting
  3232 | D:5      | Killed Grinder
  3233 | D:5      | Reached XP level 8. HP: 39/41 MP: 18/23
  3889 | D:6      | Reached skill level 10 in Spellcasting
  4311 | D:7      | Found a transporter.
  4313 | D:7      | Identified the +6 trident "Leviticus" {venom, Int+3 Stlth+}
  4313 | D:7      | Identified the +3 scale mail of Watchfulness {rC+ rN++}
  4421 | D:7      | Found a transporter.
  4559 | D:7      | Found an iron altar of Okawaru.
  4562 | D:7      | Found an ornate altar of the Wu Jian Council.
  4619 | D:7      | Reached skill level 11 in Spellcasting
  4759 | D:7      | Got the Compendium of Ghastly Striking
  4790 | D:7      | Found a shimmering altar of Xom.
  4790 | D:7      | Found a radiant altar of Vehumet.
  4811 | D:7      | Became a worshipper of Vehumet
  4867 | D:7      | Noticed Acheron's ghost (novice DsGl)
  4890 | D:7      | Identified the ring of Pexeal {Wiz rC+ Str+4 Int+6 Dex-2}
  4909 | D:7      | Killed Acheron's ghost
  4910 | D:7      | Reached skill level 10 in Earth Magic
  4910 | D:7      | Reached XP level 9. HP: 45/45 MP: 18/26
  4953 | D:7      | HP: 2/45 [gnoll sergeant/the +6 trident "Leviticus" {venom,
                  | Int+3 Stlth+} (14)]
  5065 | D:8      | Found a sacrificial altar of Ru.
  5099 | D:8      | Reached skill level 12 in Spellcasting
  5530 | D:8      | Noticed a two-headed ogre
  5535 | D:8      | Killed a two-headed ogre
  5536 | D:8      | Reached skill level 13 in Spellcasting
  5638 | D:8      | Noticed a two-headed ogre
  5646 | D:8      | Killed a two-headed ogre
  5647 | D:8      | Reached XP level 10. HP: 50/50 MP: 24/29
  5938 | D:9      | Found a transporter.
  5942 | D:9      | Reached * piety under Vehumet
  5942 | D:9      | Offered knowledge of Freeze by Vehumet.
  5950 | D:9      | Noticed EarthwalkerPL's ghost (novice MiFi)
  5962 | D:9      | Found a transporter.
  6011 | D:9      | Noticed a death yak
  6015 | D:9      | Found a staircase to the Lair.
  6016 | D:9      | Noticed a death yak
  6017 | D:9      | Noticed a death yak
  6195 | D:9      | Reached skill level 14 in Spellcasting
  6334 | D:9      | Noticed a moth of wrath
  6352 | D:9      | Slain by a death yak

Illustrated notes

Levels and vault maps discovered:
D:1:      lightli_arrival_statuegarden, layout_basic,
          ebering_ecumenical_altar_rust, serial_shops, nicolae_square_shop,
          shop, shop, nicolae_shop_crystal
D:2:      layout_loops_ring, serial_shops, nicolae_shop_trees,
          minmay_fractal_squares_5
D:3:      layout_loops_ring
D:4:      layout_loops_cross, grunt_temple_overflow_open, temple_fountains,
          hangedman_minor_gate_pass
D:5:      layout_basic, grunt_decor_arrowhead, uniq_grinder
D:6:      nicolae_cairo_tiling_large_dashed, layout_loops_corners,
          minmay_statues_item
D:7:      layout_cave_pools, nicolae_overflow_two_pavilions, minitemple,
          gammafunk_ghost_gnarly_gnolls
D:8:      layout_basic, nicolae_ru_awakened_eye, chequers_serial_rivers_micro_b,
          ldierk_geyser, chequers_arboretum
D:9:      layout_cave_pools, dpeg_lair_monsters,
          gammafunk_ghost_berserking_beasts, minmay_misc_feat_cross
Temple:   minmay_freezing_vapour_temple

Skill      XL: |  1  2  3  4  5  6  7  8  9 10 |
---------------+-------------------------------+-----
Spellcasting   | 4 6 7 9 11 13 14 | 14.1
Earth Magic    | 4 5 6 8 10 11 12 | 12.1
Dodging        | |  2.4
Stealth        | |  2.4
Transmutations | |  1.1

Action                   |  1- 3 |  4- 6 |  7- 9 | 10-12 || total
-------------------------+-------+-------+-------+-------++-------
Melee: Unarmed           |    40 |       |       |       ||    40
       Punch             |     1 |       |       |       ||     1
       Whip              |       |     3 |       |       ||     3
       Staff             |       |       |     2 |       ||     2
       Trident           |       |       |     1 |       ||     1
 Cast: Sandblast         |    48 |    56 |   107 |    42 ||   253
       Passwall          |       |       |     1 |     1 ||     2
       Petrify           |       |       |       |     3 ||     3
Invok: Renounce Religion |     1 |       |       |       ||     1
  Use: Scroll            |       |     1 |    16 |     2 ||    19
       Potion            |       |       |     2 |     3 ||     5
 Stab: Distracted        |       |       |     1 |       ||     1
Armor: Robe              |     2 |     1 |     5 |     8 ||    16
Dodge: Dodged            |    19 |    15 |    37 |    18 ||    89
       Repelled          |       |       |       |     1 ||     1
Block: Buckler           |       |       |     7 |    14 ||    21
